 Dungeon Crawl Stone Soup version 0.21-a0-583-g2c32b0fbb7 (webtiles) character file.

42 MrRokkomies the Bolt Thrower (level 3, 0/23 HPs)
             Began as a Kobold Hunter on Dec 20, 2017.
             Succumbed to an adder's poison
             ... on level 2 of the Dungeon.
             The game lasted 00:04:21 (1188 turns).

MrRokkomies the Bolt Thrower (Kobold Hunter)        Turns: 1188, Time: 00:04:22

Health: 0/23       AC:  9    Str: 10    XL:     3   Next: 80%
Magic:  3/3        EV: 11    Int: 15    God:
Gold:   45         SH:  0    Dex: 15    Spells: 2/2 levels left

rFire    . . .     SeeInvis .   a - +1 hand crossbow
rCold    . . .     Gourm    .   (shield restricted)
rNeg     . . .     Faith    .   i - +0 scale mail
rPois    .         Spirit   .   (no helmet)
rElec    .         Reflect  .   (no cloak)
rCorr    .         Harm     .   h - +2 pair of gloves
MR       .....                  (no boots)
Stlth    ..........             (no amulet)
HPRegen  0.07/turn              (no ring)
MPRegen  0.08/turn              (no ring)

@: brilliant, lethally poisoned (0 -> -11)
A: small, talons 1, blink, carnivore, dopey 1
a: Blink


You were on level 2 of the Dungeon.
You were not hungry.

You visited 1 branch of the dungeon, and saw 2 of its levels.

You collected 45 gold pieces.

Inventory:

Hand Weapons
 a - a +1 hand crossbow (weapon)
 b - a +0 short sword
Missiles
 d - 9 bolts (quivered)
Armour
 h - a +2 pair of gloves (worn)
 i - a +0 scale mail (worn)
Scrolls
 e - 2 scrolls of remove curse
Comestibles
 f - 3 rations


   Skills:
 * Level 3.3 Fighting
 * Level 5.6 Crossbows
 - Level 2.4 Dodging
 - Level 1.3 Stealth


You had 2 spell levels left.
You didn't know any spells.

Dungeon Overview and Level Annotations

Branches:
Dungeon (2/15)

Altars:


Innate Abilities, Weirdness & Mutations

You are small and have problems with some larger weapons.
You are carnivorous and can eat meat at any time.
You have sharp toenails.
You can translocate small distances at will.
You are dopey. (Int -2)


Message History

The adder is almost dead.
* * * LOW HITPOINT WARNING * * *
You feel sick. The adder barely misses you.
Firing (i - inventory):
d - 11 bolts (quivered)
Press: ? - help, Shift-Dir - straight line, f/p - adder
Aim: an adder (almost dead)
You shoot a bolt. The bolt misses the adder.
* * * LOW HITPOINT WARNING * * *
You feel sick. The adder misses you. The adder bites you.
* * * LOW HITPOINT WARNING * * *
You are more poisoned.
The adder poisons you!
Firing (i - inventory):
d - 10 bolts (quivered)
Press: ? - help, Shift-Dir - straight line, f/p - adder
Aim: an adder (almost dead)
You shoot a bolt. The bolt hits the adder.
You kill the adder!
* * * LOW HITPOINT WARNING * * *
You feel sick.
You die...

#...# #...#########
#(.>##......#
####...##.####.##.#
.......†...........#
..............#.##.#
.[............#.##.##.
####.....#.#..#.......
#.....#....@..#
#.....###..##.#
#....... #... ..
#....... #.### ... #..
#.. ## #


There were no monsters in sight!

Vanquished Creatures
  An adder (D:2)
  A worm (D:2)
  2 dart slugs
  8 bats
  A goblin (D:1)
  3 hobgoblins
  A quokka (D:2)
  2 ball pythons (D:1)
  A frilled lizard (D:1)
  5 kobolds
  2 rats (D:2)
27 creatures vanquished.

Notes
Turn   | Place    | Note
-------+----------+-------------------------------------------
     0 | D:1      | MrRokkomies the Kobold Hunter began the quest for the Orb.
     0 | D:1      | Reached XP level 1. HP: 12/12 MP: 1/1
   100 | D:1      | Reached skill level 5 in Crossbows
   119 | D:1      | Reached XP level 2. HP: 6/18 MP: 2/2
   933 | D:2      | Reached XP level 3. HP: 23/23 MP: 3/3
  1179 | D:2      | Gained mutation: You can translocate small distances at will. [potion of mutation]
  1179 | D:2      | Gained mutation: You are dopey. (Int -2) [potion of mutation]
  1179 | D:2      | Gained mutation: You have sharp toenails. [potion of mutation]
  1187 | D:2      | HP: 1/23 [poisoned by an adder]
  1188 | D:2      | Succumbed to an adder's poison

Vault maps used:
D:1:      minmay_arrival_hallway, serial_forest, infiniplex_forest_clump_long,
          infiniplex_forest_straight_1, infiniplex_forest_zigzag_1,
          infiniplex_forest_clump_double

Skill      XL: |  1  2 |
---------------+-------+-----
Crossbows      | 5 |  5.6
Fighting       | 3 |  3.3
Dodging        | |  2.4
Stealth        | |  1.3

Action                   || total
-------------------------++-------
Melee: Short sword       ||    81
 Fire: Hand crossbow     ||    28
  Use: Scroll            ||     2
       Potion            ||     2
  Eat: Chunk             ||     2
Armor: Ring mail         ||    25
       Scale mail        ||    16
Dodge: Dodged            ||    71

Table legend:
 A = Spawn XP
 B = Non-spawn XP
 C = Spawn XP percentage of total XP
 D = Spawn monster count
 E = Non-spawn monster count
 F = Spawn count percentage of total count
 G = Total turns spent on level
                    A         B        C        D         E        F      G
               +---------+---------+-------+---------+---------+-------+---------
         Total |       0 |      61 |   0.0 |       0 |      27 |   0.0 |  1188
               +---------+---------+-------+---------+---------+-------+---------
           D:1 |       0 |      24 |   0.0 |       0 |      14 |   0.0 |   921
           D:2 |       0 |      37 |   0.0 |       0 |      13 |   0.0 |   267
               +---------+---------+-------+---------+---------+-------+---------
